 Seeded DCSS version 0.32-a0-900-g30fb1b0edc (webtiles) character file.

Game seed: 13237267006237395893 (custom seed)

282080 Chadd the Impaler (level 19, -1/170 HPs)
             Began as a Minotaur Gladiator on Apr 5, 2024.
             Was the Champion of Okawaru.
             Slain by a spriggan berserker
             ... wielding the +9 flail of Watchfulness {heavy, rC+}
              (49 damage)
             ... on level 1 of the Depths on Apr 6, 2024.
             The game lasted 02:01:45 (35807 turns).

Chadd the Impaler (Minotaur Gladiator)             Turns: 35807, Time: 02:01:46

Health: -1/170     AC: 50    Str: 36    XL:     19   Next: 72%
Magic:  27/28      EV: 21    Int:  9    God:    Okawaru [******]
Gold:   4154       SH: 23    Dex: 22    Spells: 18/18 levels left

rFire   + + +        U - +12 lance "Wyrmbane" {slay drac, rPois rF+ rC+ AC+3}
rCold   + + .        r - +0 tower shield
rNeg    + . .        k - +15 plate armour "Wotyjing" {rElec Str+7}
rPois   +            m - -2 hat of the Alchemist {rElec rPois rF+ rC+ rN+ Will+ rMut rCorr}
rElec   +            q - +2 cloak {rCorr}
rCorr   +            p - +2 pair of gloves {Dex+3}
SInv    .            M - +1 pair of boots {rampage}
Will    ++++.        V - amulet of the Pure Xalams {Regen+ Str+6 Dex+3} Stlth
                     A - ring of Heofuic {rF+ Will+ AC+4 Int+4 Dex+2}
HPRegen 1.28/turn    O - ring of willpower
MPRegen 0.21/turn

%: resist mutation, rampage
@: about to teleport, heroic
A: horns 2, retaliatory headbutt, screaming 1, weak 1
}: 2/15 runes: barnacled, gossamer
a: Renounce Religion, Heroism, Finesse, Duel, Receive Weapon, Receive Armour


You were on level 1 of the Depths.
You worshipped Okawaru.
Okawaru was exalted by your worship.
You visited 8 branches of the dungeon, and saw 33 of its levels.
You also visited: Sewer, Gauntlet, Ice Cave and Volcano.

You collected 6177 gold pieces.
You spent 2023 gold pieces at shops.

Inventory:

Hand Weapons
 h - the +4 demon trident "Ogrebane" {vamp, Str+4}
   (You took it off a minotaur in a Gauntlet)

   Str+4:     It affects your strength (+4).
 U - the +12 lance "Wyrmbane" (weapon) {slay drac, rPois rF+ rC+ AC+3}
   (You acquired it on level 3 of the Spider Nest)

   AC+3:      It affects your AC (+3).
   rF+:       It protects you from fire.
   rC+:       It protects you from cold.
   rPois:     It protects you from poison.
Missiles
 d - 5 throwing nets
 e - 22 javelins
 I - 29 boomerangs
 J - 12 silver javelins (quivered)
 W - 13 curare-tipped darts
 X - 11 atropa-tipped darts
Armour
 k - the +15 plate armour "Wotyjing" (worn) {rElec Str+7}
   (You found it on level 2 of the Dungeon)

   Str+7:     It affects your strength (+7).
   rElec:     It insulates you from electricity.
 m - the -2 hat of the Alchemist (worn) {rElec rPois rF+ rC+ rN+ Will+ rMut rCorr}
   (You bought it in a shop on level 1 of the Depths)

   rF+:       It protects you from fire.
   rC+:       It protects you from cold.
   rElec:     It insulates you from electricity.
   rPois:     It protects you from poison.
   rN+:       It protects you from negative energy.
   Will+:     It increases your willpower.
   rCorr:     It protects you from acid and corrosion.
   rMut:      It protects you from mutation.
 p - a +2 pair of gloves of dexterity (worn)
 q - a +2 cloak of preservation (worn)
 r - a +0 tower shield (worn)
 z - the +2 hat of the Bear Spirit {Spirit, Bear, *Rage Will++}
   (You found it on level 3 of the Lair of Beasts)

   Bear:      Going berserk makes the wearer exceptionally tough, and they are
   slowed for a shorter time afterward.
   Will++:    It greatly increases your willpower.
   *Rage:     It berserks you when you make melee attacks (+20% chance).
 L - a scarf of resistance
 M - a +1 pair of boots of rampaging (worn)
Jewellery
 a - the ring "Mesyreim" {rF- Will+ rCorr SInv}
   (You found it on level 2 of the Shoals)

   [ring of resist corrosion]

   rF-:       It makes you vulnerable to fire.
   Will+:     It increases your willpower.
   SInv:      It lets you see invisible.
   rCorr:     It protects you from acid and corrosion.
 A - the ring of Heofuic (left hand) {rF+ Will+ AC+4 Int+4 Dex+2}
   (You bought it in a shop on level 2 of the Orcish Mines)

   [ring of protection]

   AC+4:      It affects your AC (+4).
   Int+4:     It affects your intelligence (+4).
   Dex+2:     It affects your dexterity (+2).
   rF+:       It protects you from fire.
   Will+:     It increases your willpower.
 O - a ring of willpower (right hand)
 V - the amulet of the Pure Xalams (around neck) {Regen+ Str+6 Dex+3}
   (You found it on level 9 of the Dungeon)

   [amulet of regeneration]

   Str+6:     It affects your strength (+6).
   Dex+3:     It affects your dexterity (+3).
   Regen+:    It increases your rate of health regeneration.
Talismans
 T - a granite talisman
Wands
 y - a wand of warping (22)
 C - a wand of mindburst (24)
 K - a wand of acid (43)
 S - a wand of digging (22)
Scrolls
 f - 5 scrolls of enchant armour
 g - 6 scrolls of teleportation
 j - 2 scrolls of silence
 l - 2 scrolls of butterflies
 n - 5 scrolls of poison
 o - 4 scrolls of revelation
 v - 7 scrolls of enchant weapon
 x - a scroll of torment
 D - 4 scrolls of blinking
 F - 5 scrolls of immolation
 G - 7 scrolls of fear
 Q - 3 scrolls of brand weapon
 R - a scroll of fog
Potions
 b - a potion of attraction
 c - 5 potions of cancellation
 i - 6 potions of lignification
 s - 6 potions of enlightenment
 t - 6 potions of heal wounds
 u - 6 potions of mutation
 w - 10 potions of might
 B - 11 potions of curing
 H - 8 potions of haste
 P - 4 potions of resistance
 Y - 3 potions of magic
 Z - 2 potions of invisibility
Miscellaneous
 E - a tin of tremorstones (2/2)
 N - a Gell's gravitambourine (2/2)


   Skills:
 + Level 15.1(20.1) Fighting
 * Level 17.0(22.0) Polearms
 * Level 13.4(18.4) Throwing
 + Level 16.3(21.3) Armour
 + Level 13.8(18.8) Dodging
 + Level 13.9(18.9) Shields
 * Level 14.1 Invocations
 * Level 10.4 Evocations
 - Level 7.2 Shapeshifting


You had 18 spell levels left.
You didn't know any spells.
Your spell library contained the following spells:

 Spells                   Type           Power      Damage    Failure   Level
 Kiss of Death            Conj/Necr      0%         2d5       88%         1
 Magic Dart               Conj           0%         1d3       88%         1
 Shock                    Conj/Air       0%         1d3       88%         1
 Blink                    Tloc           0%         N/A       96%         2
 Static Discharge         Conj/Air       0%         3-3/arc   96%         2
 Sublimation of Blood     Necr           0%         N/A       96%         2
 Dazzling Flash           Conj/Hex       0%         N/A       99%         3
 Mephitic Cloud           Conj/Alch/Air  0%         N/A       99%         3
 Swiftness                Air            0%         N/A       99%         3
 Volatile Blastmotes      Fire/Tloc      0%         2d10      99%         3
 Airstrike                Air            0%         2d(0-16)  100%        4
 Fulminant Prism          Conj/Alch      0%         3d5       100%        4
 Iskenderun's Mystic Bla Conj/Tloc 0%             2d3        (+2d1     100%        4
 Leda's Liquefaction      Alch/Erth      0%         N/A       100%        4
 Passage of Golubria      Tloc           0%         N/A       100%        4
 Petrify                  Alch/Erth      0%         N/A       100%        4
 Alistair's Intoxication  Alch           0%         N/A       100%        5
 Borgnjor's Vile Clutch   Necr/Erth      0%         N/A       100%        5
 Curse of Agony           Necr           0%         N/A       100%        5
 Irradiate                Conj/Alch      0%         3d11      100%        5
 Lee's Rapid Deconstruct  Erth           0%         3d4*      100%        5
 Silence                  Hex/Air        0%         N/A       100%        5
 Eringya's Noxious Bog    Alch           0%         4d6       100%        6
 Permafrost Eruption      Ice/Erth       0%         2x4d1     100%        6
 Orb of Destruction       Conj           0%         9d5       100%        7
 Lehudib's Crystal Spear  Conj/Erth      0%         10d2      100%        8
 Call Imp                 Summ           Unusable   N/A       N/A         2
 Summon Blazeheart Golem  Fire/Summ      Unusable   N/A       N/A         4
 Summon Lightning Spire   Summ/Air       Unusable   N/A       N/A         4
 Haunt                    Necr/Summ      Unusable   N/A       N/A         7
 Spellforged Servitor     Conj/Summ      Unusable   N/A       N/A         7
 Infestation              Necr           Unusable   N/A       N/A         8

Dungeon Overview and Level Annotations

Branches:
Dungeon (15/15)            Temple (1/1) D:4            Lair (5/5) D:11
 Shoals (4/4) Lair:3       Spider (4/4) Lair:3        Slime (0/5) Lair:4
    Orc (2/2) D:11            Elf (1/3) Orc:2        Vaults (0/5) D:13
 Depths (1/4) D:15          Sewer (visited)           IceCv (visited)
Volcano (visited)         Gauntlet (visited)

Altars:
Ashenzari
Cheibriados
Dithmenos
Elyvilon
Fedhas
Gozag
Hepliaklqana
Kikubaaqudgha
Makhleb
Nemelex Xobeh
Okawaru
Qazlal
Ru
Sif Muna
Trog
Uskayaw
Vehumet
Wu Jian
Xom
Yredelemnul
Zin
The Shining One
Jiyva

Shops:
D:5 !   D:9 *   D:13 [(=   D:15 *   Orc:2 !=[[   Elf:1 *   Depths:1 [

Portals:
Hell: Depths:1
Abyss: Depths:1

Annotations:
D:3 1 runed translucent door, Crazy Yiuf
Lair:4 1 runed translucent door, Twinkles's ghost, journeyman DrIE
Shoals:1 3 runed translucent doors, Hiac's ghost, adept DEEE; Xonoschix's ghost, adept TeAE; jamsaran's ghost, journeyman TeSu
Shoals:4 Louise
Elf:1 1 runed translucent door
Depths:1 3 runed translucent doors


Innate Abilities, Weirdness & Mutations

You have a pair of horns on your head.
You reflexively headbutt those who attack you in melee.
You occasionally shout uncontrollably at your foes.
You are weak. (Str -2)


Message History

The polar bear misses you.
You hit the polar bear. You headbutt the polar bear.
The polar bear is almost dead.
Your hands slow down.
You block the deep troll's attack. x3; The juggernaut simulacrum hits you.
The juggernaut simulacrum freezes you! You resist.
* * * LOW HITPOINT WARNING * * *
You block the juggernaut simulacrum's attack.
The wight misses you.
You puncture the jiangshi! Your headbutt misses the jiangshi.
The jiangshi is moderately damaged.
You block the polar bear's attack. The polar bear closely misses you.
You block the polar bear's attack.
The cyan very ugly thing basks in the mutagenic energy from its kin and changes!
You block the deep troll's attack. x2
The deep troll claws you but does no damage.
You barely miss the polar bear. You headbutt the polar bear!
The polar bear is almost dead.
You block the salamander's attack. You block the polar bear's attack. x3
The red ugly thing completely misses you.
You furiously retaliate!
You headbutt the red ugly thing!! The wight misses you.
The deep troll completely misses you. x2
The deep troll closely misses you.
You hit the polar bear. You headbutt the polar bear.
You kill the polar bear!
The polar bear's corpse disappears in a puff of smoke!
The jiangshi claws you but does no damage.
The jiangshi closely misses you.
You block the spriggan berserker's attack.
Unknown command.
As you read the scroll of teleportation, it crumbles to dust.
You feel strangely unstable.
The water nymph changes into an orb spider!
You block the jiangshi's attack. The jiangshi closely misses you.
You block the salamander's attack. You block the red ugly thing's attack.
You block the wight's attack. The jiangshi completely misses you.
You furiously retaliate!
You headbutt the jiangshi! The jiangshi closely misses you.
The spriggan berserker hits you with the +9 flail of Watchfulness!!!
You die...

......##..=.................##..#
.......####..............##.[####
....#### ≈####....(....#.#..####.
#####§≈≈ ≈≈≈§#############..###.#
≈≈#≈≈≈). ..§§§≈#§≈§≈§≈≈≈§##....##
§§#....u ...§..#....§≈≈≈≈##.####
..+Suu.. .[...z'Z.§...≈≈≈##.#
..+....?:)?...NuiV.....≈§≈#.#
..+..../.....ZVu@T.....§≈§#.#
..#....§§)...Gs#TZ.^..§.§≈#.###
..# ..≈≈≈≈§§..D#......§§§≈#...#
..# §§§≈≈§§≈≈z#........§§###.#
#######################''####.#
≈≈§≈≈≈≈≈≈≈≈§§§§§≈≈≈≈≈≈≈....##.#
...........§§§.§...........[#.#
........§..§.............)[)'.#
...)...§......§............)'.#


You could see a red very ugly thing, a fire dragon, a red ugly thing, a jiangshi
(summoned), a salamander, a glowing orange brain, a deep troll (summoned, fast,
strong), a vampire mage (summoned), a spriggan berserker (berserk), a deep troll
shaman (summoned), an orb spider shaped shifter, a laughing skull (summoned), a
wight (summoned), a fire giant simulacrum, a juggernaut simulacrum and a tengu
reaver skeleton.

Vanquished Creatures
  Nikola (Shoals:3)
  Kirke (Lair:5)
  2 krakens
  A sphinx (Depths:1)
  Polyphemus (Shoals:4)
  Roxanne (Spider:4)
  Donald (Shoals:3)
  3 fire giants (Depths:1)
  A deep elf sorcerer (Elf:1)
  4 emperor scorpions (Spider:4)
  A balrug (Depths:1)
  4 ghost moths
  2 orc warlords
  A formless jellyfish (Shoals:4)
  The ghost of Xaxul the Covert, a journeyman FeEE of Gozag (Shoals:2)
  A broodmother (Spider:3)
  2 stone giants (Depths:1)
  2 very ugly things (Depths:1)
  2 vampire knights (Depths:1)
  Nessos (D:14)
  A deep elf demonologist (Elf:1)
  A minotaur (Gauntlet)
  2 deep elf annihilators (Elf:1)
  A white draconian (IceCv)
  3 spark wasps
  Snorg (Lair:5)
  6 merfolk javelineers
  3 fire dragons
  4 merfolk impalers
  An entropy weaver (Spider:2)
  4 ettins
  4 vault guards (D:13)
  4 ice dragons (Depths:1)
  3 hydras
  Harold (Lair:2)
  A sphinx zombie (D:15)
  2 rakshasas
  Fannar (Lair:3)
  4 ogre magi (Orc:2)
  5 jorogumos
  5 boulder beetles
  7 merfolk avatars
  A spriggan air mage (Depths:1)
  5 catoblepae
  3 merfolk aquamancers
  3 radroaches
  4 dancing weapons (Elf:1)
  18 two-headed ogres (Orc:2)
  3 alligator snapping turtles
  2 tengu warriors
  4 satyrs (Shoals:4)
  4 deep troll shamans (Depths:1)
  21 death yaks
  2 deep troll earth magi (Depths:1)
  2 orc high priests
  8 death scarabs (Spider:4)
  5 demonic crawlers
  2 vampire magi
  3 occultists
  A storm dragon zombie (D:15)
  A sun demon (Depths:1)
  Urug (D:12)
  Sonja (Lair:3)
  A fire crab (shapeshifter) (D:15)
  5 deep elf knights
  3 skeletal warriors (D:15)
  An iron troll (Depths:1)
  10 pharaoh ants
  4 orb spiders
  3 sun moths
  12 sea snakes
  2 deep trolls (Depths:1)
  5 deep elf archers
  An arcanist (D:13)
  7 skysharks
  A sun moth (shapeshifter) (Depths:1)
  23 harpies
  5 steelbarb worms
  17 deep elf pyromancers
  3 thermic dynamos (Elf:1)
  3 obsidian bats
  2 orc knights
  A lightning spire (Gauntlet)
  15 wolf spiders
  2 necromancers
  A broodmother zombie (Spider:4)
  A spectral wolf spider (Spider:4)
  30 fauns
  25 ugly things
  14 deep elf zephyrmancers (Elf:1)
  An oklob plant (Shoals:3)
  4 orc sorcerers
  2 moths of wrath (Spider:4)
  A salamander (Depths:1)
  13 manticores
  5 cyclopes
  12 elephants
  A rust devil (Gauntlet)
  9 merfolk sirens
  2 ice statues (IceCv)
  7 torpor snails
  6 meliai
  8 black mambas
  6 water nymphs
  A smoke demon (Depths:1)
  A spectral redback (Spider:4)
  4 kobold demonologists
  9 cane toads
  An efreet (D:15)
  11 rime drakes
  2 yaktaurs (D:13)
  2 tengu conjurers
  12 komodo dragons
  2 redback zombies (Spider:4)
  32 merfolk
  10 trolls
  3 harpy zombies (Shoals:2)
  4 wind drakes
  19 jumping spiders
  9 blink frogs
  A culicivora zombie (Spider:4)
  26 tarantellas
  Prince Ribbit (D:8)
  A wolf spider simulacrum (D:15)
  Grinder (D:3)
  A blink frog (shapeshifter) (D:13)
  2 spectral jumping spiders (Spider:4)
  A spriggan zombie (Depths:1)
  2 jumping spider zombies (Spider:4)
  7 polar bears
  2 raiju (Gauntlet)
  10 snapping turtles
  3 spectral tarantellas (Spider:4)
  A glass eye (Depths:1)
  3 dream sheep
  2 air elementals (Elf:1)
  11 culicivoras
  Sigmund (D:2)
  2 centaur simulacra (Gauntlet)
  14 slime creatures
  2 shadows
  2 spriggans (Lair:2)
  7 wyverns
  3 wraiths
  A vampire (D:12)
  18 water elementals
  A ynoxinul (Gauntlet)
  5 basilisks
  12 fire elementals
  3 humans
  59 yaks
  2 hogs (Lair:5)
  29 redbacks
  4 steam dragons
  3 wargs
  A hell hound (Volcano)
  2 acid dragons (D:11)
  14 water moccasins
  4 sky beasts
  2 manticore zombies (Shoals:2)
  2 ice beasts
  2 black bears
  20 orc warriors
  An ice dragon simulacrum (Gauntlet)
  6 boggarts
  19 wolves
  2 centaurs
  24 ogres
  2 phantoms
  A kobold brigand (D:9)
  A brain worm (Sewer)
  12 bullfrogs
  2 earth elementals (Elf:1)
  3 scorpions
  12 wights
  3 lindwurm simulacra (IceCv)
  3 killer bees (D:10)
  5 howler monkeys
  An electric eel (Spider:1)
  A crimson imp (Orc:1)
  2 bombardier beetles
  9 komodo dragon simulacra (IceCv)
  5 hounds
  4 jellies
  11 orc priests
  A gnoll bouda (D:5)
  4 iron imps
  A sleepcap (D:7)
  2 iguanas
  18 orc wizards
  Robin (D:2)
  3 gnolls (D:5)
  12 adders
  A river rat (Sewer)
  3 acid dragon simulacra (IceCv)
  3 shadow imps
  13 white imps
  6 steam dragon simulacra (IceCv)
  4 ufetubi
  2 ribbon worms
  4 dart slugs
  70 orcs
  14 ball pythons
  4 endoplasms
  9 giant cockroaches
  12 goblins
  4 hobgoblins
  6 jackals
  6 kobolds
  3 quokkas
  8 bats
  7 frilled lizards
  2 rats
  4 tentacles
1233 creatures vanquished.

Vanquished Creatures (others)
  A ghost moth (Spider:2)
  A steelbarb worm (Spider:4)
  A faun (Shoals:4)
  A snapping turtle (Shoals:4)
  A water elemental (Shoals:4)
  An orc (Orc:1)
  57 tentacles
63 creatures vanquished.

Grand Total: 1296 creatures vanquished

Notes
Turn   | Place    | Note
-------+----------+-------------------------------------------
     0 | D:1      | Chadd the Minotaur Gladiator began the quest for the Orb.
     0 | D:1      | Reached XP level 1. HP: 18/18 MP: 0/0
   152 | D:1      | Reached XP level 2. HP: 23/25 MP: 1/1
   757 | D:2      | Reached skill level 4 in Polearms
   902 | D:2      | Identified the +15 plate armour "Wotyjing" {rElec Str+7}
  1113 | D:2      | Noticed Robin
  1117 | D:2      | Reached XP level 3. HP: 31/31 MP: 2/2
  1122 | D:2      | Killed Robin
  1308 | D:2      | Noticed Sigmund
  1321 | D:2      | Killed Sigmund
  1322 | D:2      | Reached XP level 4. HP: 39/40 MP: 3/3
  1322 | D:2      | Reached XP level 5. HP: 45/46 MP: 4/4
  1809 | D:3      | Found a faded altar of an unknown god.
  1825 | D:3      | Reached skill level 5 in Polearms
  1909 | D:3      | Found a runed translucent door.
  1910 | D:3      | Noticed Crazy Yiuf
  1979 | D:3      | Noticed Grinder
  1989 | D:3      | Killed Grinder
  1990 | D:3      | Reached skill level 5 in Dodging
  1990 | D:3      | Reached XP level 6. HP: 53/53 MP: 5/5
  2333 | D:3      | Identified the +9 glaive of Mastery {drain, *Corrode Dex+6}
  2433 | D:3      | Identified the +0 chain mail of Gozag, Grinning {Int+4
                  | Dex+6}
  2556 | D:3      | Found a glowing silver altar of Zin.
  2805 | D:4      | Found a staircase to the Ecumenical Temple.
  2811 | D:4      | Reached skill level 5 in Fighting
  2822 | Temple   | Entered the Ecumenical Temple
  2842 | Temple   | Became a worshipper of Warmaster Okawaru
  2908 | D:4      | Reached XP level 7. HP: 61/61 MP: 6/6
  2951 | D:4      | Found a glowing drain.
  2963 | Sewer    | Entered a sewer
  3271 | Sewer    | Reached skill level 6 in Polearms
  3900 | D:5      | Entered Level 5 of the Dungeon
  4370 | D:5      | Found Zink's Distillery.
  4726 | D:6      | Reached * piety under Okawaru
  4727 | D:6      | Reached skill level 5 in Throwing
  4727 | D:6      | Reached XP level 8. HP: 70/70 MP: 7/7
  4833 | D:6      | Reached skill level 7 in Polearms
  4920 | D:6      | Reached ** piety under Okawaru
  5090 | D:6      | Found a shimmering altar of Xom.
  5099 | D:6      | Reached XP level 9. HP: 79/79 MP: 8/8
  5099 | D:6      | Found a sparkling altar of Nemelex Xobeh.
  5131 | D:6      | Reached skill level 1 in Armour
  5193 | D:6      | Reached skill level 1 in Invocations
  5358 | D:7      | Reached skill level 8 in Polearms
  5458 | D:7      | Reached skill level 1 in Evocations
  5467 | D:7      | Reached *** piety under Okawaru
  6013 | D:8      | Noticed Prince Ribbit
  6019 | D:8      | Killed Prince Ribbit
  6061 | D:8      | Reached **** piety under Okawaru
  6062 | D:8      | Reached XP level 10. HP: 68/88 MP: 11/11
  6092 | D:8      | Found a shimmering blue altar of Sif Muna.
  6389 | D:9      | Found Nuruurghe's General Store.
  6414 | D:9      | Identified the amulet of the Pure Xalams {Regen+ Str+6
                  | Dex+3}
  6611 | D:9      | Reached skill level 5 in Armour
  6615 | D:9      | Gained mutation: You are weak. (Str -2) [a neqoxec]
  6734 | D:9      | Reached ***** piety under Okawaru
  7009 | D:10     | Entered Level 10 of the Dungeon
  7405 | D:10     | Reached skill level 9 in Polearms
  7704 | D:11     | Reached skill level 5 in Invocations
  7754 | D:11     | Received a gift from Okawaru
  7766 | D:11     | Found a staircase to the Lair.
  7904 | D:11     | Reached XP level 11. HP: 95/95 MP: 14/14
  7929 | D:11     | Found a staircase to the Orcish Mines.
  8518 | Lair:1   | Entered Level 1 of the Lair of Beasts
  8584 | Lair:1   | Found a gate leading to a gauntlet.
  8591 | Gauntlet | Entered a Gauntlet
  8591 | Gauntlet | Found a transporter.
  8591 | Gauntlet | Found a transporter.
  8610 | Gauntlet | Found a transporter.
  8623 | Gauntlet | Found a transporter.
  8626 | Gauntlet | Identified the +2 hat "Weidadyl" {+Blink rC+}
  8653 | Gauntlet | Received a gift from Okawaru
  8656 | Gauntlet | Found a transporter.
  8661 | Gauntlet | Noticed a green ugly thing
  8662 | Gauntlet | Found a transporter.
  8663 | Gauntlet | Noticed a great orb of eyes
  8664 | Gauntlet | Found a large runed translucent door.
  8664 | Gauntlet | Found a large runed translucent door.
  8665 | Gauntlet | Found a large runed translucent door.
  8665 | Gauntlet | Found a large runed translucent door.
  8669 | Gauntlet | Identified the +1 helmet of Midsummer {*Corrode rPois
                  | Dex+4}
  8689 | Gauntlet | Found a runed translucent door.
  8689 | Gauntlet | Found a runed translucent door.
  8689 | Gauntlet | Found a large runed translucent door.
  8689 | Gauntlet | Found a large runed translucent door.
  8689 | Gauntlet | Found a large runed translucent door.
  8689 | Gauntlet | Found a large runed translucent door.
  8689 | Gauntlet | Found a large runed translucent door.
  8689 | Gauntlet | Found a large runed translucent door.
  8690 | Gauntlet | Found a large runed translucent door.
  8690 | Gauntlet | Found a large runed translucent door.
  8691 | Gauntlet | Found a large runed translucent door.
  8691 | Gauntlet | Found a large runed translucent door.
  8691 | Gauntlet | Found a large runed translucent door.
  8691 | Gauntlet | Found a large runed translucent door.
  8695 | Gauntlet | Noticed a lightning spire
  8695 | Gauntlet | Found a runed translucent gate.
  8695 | Gauntlet | Found a runed translucent gate.
  8695 | Gauntlet | Found a runed translucent gate.
  8701 | Gauntlet | Found a transporter.
  8706 | Gauntlet | Noticed a dire elephant
  8728 | Gauntlet | Killed a lightning spire
  8753 | Gauntlet | Found a transporter.
  8762 | Gauntlet | Identified the +4 demon trident "Ogrebane" {vamp, Str+4}
  8762 | Gauntlet | Noticed a minotaur
  8771 | Gauntlet | Killed a minotaur
  8781 | Gauntlet | Identified the staff "Sypoz" {Dex+2 Tloc Ice Earth}
  8795 | Gauntlet | Found the +8 demon trident "Rift" {distort, reach+}
  9026 | Lair:1   | Received a gift from Okawaru
  9048 | Lair:1   | Identified the +10 whip "Egeycy" {protect, rElec Str+2
                  | Dex+6}
  9999 | Lair:1   | Reached XP level 12. HP: 98/105 MP: 16/16
 10117 | Lair:2   | Reached skill level 10 in Polearms
 10308 | Lair:2   | Noticed Harold
 10322 | Lair:2   | Killed Harold
 10323 | Lair:2   | Reached skill level 1 in Shields
 10364 | Lair:2   | Received a gift from Okawaru
 10438 | Lair:2   | Reached ****** piety under Okawaru
 10629 | Lair:2   | Reached skill level 10 in Throwing
 10935 | Lair:2   | Reached skill level 10 in Fighting
 10946 | Lair:2   | Received a gift from Okawaru
 11082 | Lair:3   | Reached skill level 5 in Evocations
 11231 | Lair:3   | Noticed a death yak
 11233 | Lair:3   | Noticed a death yak
 11257 | Lair:2   | Killed a death yak
 11371 | Lair:3   | Noticed a death yak
 11397 | Lair:2   | Killed a death yak
 11397 | Lair:2   | Received a gift from Okawaru
 11398 | Lair:2   | Reached skill level 10 in Armour
 11398 | Lair:2   | Reached XP level 13. HP: 113/113 MP: 18/18
 11537 | Lair:3   | Found a hole to the Spider Nest.
 11589 | Lair:3   | Reached skill level 5 in Shields
 11671 | Lair:3   | Noticed Sonja
 11693 | Lair:3   | Killed Sonja
 11702 | Lair:3   | Found the +2 hat of the Bear Spirit {Spirit, Bear, *Rage
                  | Will++}
 11976 | Lair:3   | Received a gift from Okawaru
 11977 | Lair:3   | Reached skill level 10 in Dodging
 12058 | Lair:3   | Found a staircase to the Shoals.
 12146 | Shoals:1 | Entered Level 1 of the Shoals
 12159 | Shoals:1 | Noticed a merfolk javelineer
 12176 | Shoals:1 | Killed a merfolk javelineer
 12300 | Shoals:1 | Reached skill level 11 in Polearms
 12378 | Shoals:1 | Found a runed translucent gate.
 12378 | Shoals:1 | Found a runed translucent gate.
 12378 | Shoals:1 | Found a runed translucent gate.
 12441 | Shoals:1 | Noticed Xonoschix's ghost (adept TeAE)
 12441 | Shoals:1 | Noticed jamsaran's ghost (journeyman TeSu)
 12441 | Shoals:1 | Noticed Hiac's ghost (adept DEEE)
 12489 | Shoals:1 | Received a gift from Okawaru
 12606 | Shoals:1 | Noticed a merfolk javelineer
 12619 | Shoals:1 | Killed a merfolk javelineer
 12634 | Shoals:1 | Received a gift from Okawaru
 12789 | Shoals:1 | Noticed a merfolk impaler
 12804 | Shoals:1 | Killed a merfolk impaler
 12951 | Shoals:1 | Reached XP level 14. HP: 124/124 MP: 18/20
 12984 | Shoals:1 | Noticed a kraken
 13066 | Shoals:1 | Killed a kraken
 13066 | Shoals:1 | Received a gift from Okawaru
 13362 | Shoals:2 | Reached skill level 10 in Invocations
 13849 | Lair:3   | Received a gift from Okawaru
 13908 | Lair:3   | Noticed Fannar
 13917 | Lair:3   | Killed Fannar
 14189 | Lair:4   | Found a staircase to the Slime Pits.
 14198 | Lair:4   | Found a viscous altar of Jiyva.
 14315 | Lair:4   | Found a runed translucent door.
 14315 | Lair:4   | Found a shimmering altar of Xom.
 14315 | Lair:4   | Noticed Twinkles's ghost (journeyman DrIE)
 14393 | Lair:4   | Received a gift from Okawaru
 15337 | Lair:5   | Entered Level 5 of the Lair of Beasts
 15384 | Lair:5   | Noticed Snorg
 15387 | Lair:5   | Noticed Kirke
 15733 | Lair:5   | Reached skill level 12 in Polearms
 15738 | Lair:5   | Reached skill level 1 in Shapeshifting
 15763 | Lair:5   | Reached XP level 15. HP: 132/132 MP: 22/22
 15772 | Lair:5   | Received a gift from Okawaru
 16240 | Lair:5   | Killed Snorg
 16248 | Lair:5   | Received a gift from Okawaru
 16411 | Lair:5   | Reached skill level 10 in Shields
 16529 | Lair:5   | Killed Kirke
 16657 | Lair:5   | Upgraded the game from 0.32-a0-898-g7811c86cf0 to
                  | 0.32-a0-900-g30fb1b0edc
 16864 | Spider:1 | Entered Level 1 of the Spider Nest
 17444 | Spider:2 | Identified the +1 leather armour "Mettu" {Regen+ rCorr
                  | Str-5 Stlth+}
 18233 | Spider:2 | Received a gift from Okawaru
 18465 | Spider:2 | Gained mutation: You occasionally shout uncontrollably at
                  | your foes. [mutagenic glow]
 19288 | Spider:3 | Reached XP level 16. HP: 136/137 MP: 23/23
 19563 | Spider:3 | Identified 3 scrolls of acquirement
 19564 | Spider:3 | Acquired the +8 lance "Wyrmbane" {slay drac, rPois rF+ rC+
                  | AC+3}
 19564 | Spider:3 | Found the +8 lance "Wyrmbane" {slay drac, rPois rF+ rC+
                  | AC+3}
 19657 | Spider:3 | Received a gift from Okawaru
 20031 | Spider:3 | Acquired 999 gold pieces
 20033 | Spider:3 | Acquired 437 gold pieces
 20221 | Spider:3 | Identified the +1 robe of Hubris {rElec rC+ Int+3}
 20522 | Spider:4 | Entered Level 4 of the Spider Nest
 20522 | Spider:4 | Noticed Roxanne
 21500 | Spider:4 | Received a gift from Okawaru
 21665 | Spider:4 | Reached skill level 13 in Polearms
 21774 | Spider:4 | Killed Roxanne
 22319 | Spider:4 | Received a gift from Okawaru
 22343 | Spider:4 | Reached skill level 5 in Shapeshifting
 22777 | Spider:4 | Got a gossamer rune of Zot
 23228 | Shoals:2 | Found a runed translucent door.
 23233 | Shoals:2 | Noticed Xaxul's ghost (journeyman FeEE)
 23262 | Shoals:2 | Reached skill level 14 in Polearms
 23262 | Shoals:2 | Reached XP level 17. HP: 124/150 MP: 25/25
 23304 | Shoals:2 | Killed Xaxul's ghost
 23396 | Shoals:2 | Identified the ring "Mesyreim" {rF- Will+ rCorr SInv}
 24124 | Shoals:3 | Found an ancient bone altar of Kikubaaqudgha.
 24274 | Shoals:3 | Received a gift from Okawaru
 24313 | Shoals:3 | Noticed a kraken
 24913 | Shoals:3 | Killed a kraken
 24935 | Shoals:4 | Entered Level 4 of the Shoals
 24939 | Shoals:4 | Noticed Polyphemus
 25574 | Arena    | Entered the Arena
 25628 | Shoals:4 | Reached skill level 15 in Armour
 25734 | Shoals:4 | Noticed Nikola
 25811 | Shoals:3 | Killed Nikola
 25818 | Shoals:4 | Noticed Donald
 25877 | Shoals:3 | Received a gift from Okawaru
 25898 | Shoals:3 | Killed Donald
 26487 | Shoals:4 | Got the Textbook on Last Rites
 26558 | Shoals:4 | Reached skill level 15 in Polearms
 26650 | Shoals:3 | Received a gift from Okawaru
 26785 | Shoals:4 | Killed Polyphemus
 26918 | Shoals:4 | Got a barnacled rune of Zot
 26934 | Shoals:4 | Noticed Louise
 27187 | Orc:1    | Entered Level 1 of the Orcish Mines
 27565 | Orc:1    | Found a dark tunnel.
 27571 | Volcano  | Entered a volcano
 27583 | Volcano  | Reached XP level 18. HP: 159/159 MP: 26/26
 27605 | Volcano  | Received a gift from Okawaru
 28076 | Orc:2    | Entered Level 2 of the Orcish Mines
 28129 | Orc:2    | Found a staircase to the Elven Halls.
 28536 | Orc:2    | Found Ziownyom's Antique Armour Shoppe.
 28536 | Orc:2    | Found Icodud's Distillery.
 28536 | Orc:2    | Found Diobrupa's Armour Boutique.
 28536 | Orc:2    | Found Udwihinupn's Jewellery Shoppe.
 28547 | Orc:2    | Bought the ring of Heofuic {rF+ Will+ AC+4 Int+4 Dex+2} for
                  | 886 gold pieces
 28617 | Orc:2    | Bought a potion of resistance for 130 gold pieces
 28617 | Orc:2    | Bought a potion of might for 52 gold pieces
 28617 | Orc:2    | Bought a potion of might for 52 gold pieces
 28750 | Elf:1    | Entered Level 1 of the Elven Halls
 28750 | Elf:1    | Found a runed translucent gate.
 28750 | Elf:1    | Found a runed translucent gate.
 28750 | Elf:1    | Found a runed translucent gate.
 28750 | Elf:1    | Found a runed translucent gate.
 28750 | Elf:1    | Found a runed translucent gate.
 28750 | Elf:1    | Found a runed translucent gate.
 28752 | Elf:1    | Found a runed translucent door.
 28760 | Elf:1    | Found a runed translucent door.
 28799 | Elf:1    | Received a gift from Okawaru
 29183 | Elf:1    | Found Inayg's Assorted Antiques.
 29290 | Elf:1    | Reached skill level 16 in Polearms
 29537 | Elf:1    | Received a gift from Okawaru
 29686 | Elf:1    | Paralysed by an air elemental for 1 turns
 30812 | D:12     | Found a frozen archway.
 30823 | IceCv    | Entered an ice cave
 31109 | IceCv    | Identified the ring of Majamyh {*Slow Fly rF+ rN+ Stlth+}
 31378 | D:12     | Noticed Urug
 31392 | D:12     | Killed Urug
 31937 | D:13     | Found a gate to the Vaults.
 31951 | D:13     | Received a gift from Okawaru
 32011 | D:13     | Reached XP level 19. HP: 166/167 MP: 28/28
 32108 | D:13     | Found Biapiv's Jewellery Shop.
 32369 | D:13     | Found Guefatru's Antique Weapon Shoppe.
 32387 | D:13     | Found Lumei's Armour Emporium.
 32857 | D:14     | Noticed Nessos
 32868 | D:14     | Killed Nessos
 33599 | D:15     | Entered Level 15 of the Dungeon
 33920 | D:15     | Found a staircase to the Depths.
 33967 | D:15     | Reached skill level 10 in Evocations
 34117 | D:15     | Received a gift from Okawaru
 34127 | D:15     | Found Nerphicyu's Assorted Antiques.
 34149 | D:15     | Bought a potion of resistance for 290 gold pieces
 34480 | Depths:1 | Entered Level 1 of the Depths
 34480 | Depths:1 | Found a one-way gate to the infinite horrors of the Abyss.
 34724 | Depths:1 | Received a gift from Okawaru
 34905 | Depths:1 | Found a runed translucent gate.
 34905 | Depths:1 | Found a runed translucent gate.
 34905 | Depths:1 | Found a runed translucent gate.
 34933 | Depths:1 | Reached skill level 15 in Fighting
 35008 | Depths:1 | Reached skill level 17 in Polearms
 35044 | Depths:1 | Found a runed translucent gate.
 35044 | Depths:1 | Found a runed translucent gate.
 35044 | Depths:1 | Found a runed translucent gate.
 35045 | Depths:1 | Identified the +9 flail of Watchfulness {heavy, rC+}
 35245 | Depths:1 | Found Fihang's Armour Shoppe.
 35259 | Depths:1 | Bought the -2 hat of the Alchemist {rElec rPois rF+ rC+ rN+
                  | Will+ rMut rCorr} for 613 gold pieces
 35259 | Depths:1 | Found the -2 hat of the Alchemist {rElec rPois rF+ rC+ rN+
                  | Will+ rMut rCorr}
 35301 | Depths:1 | Found a gateway to Hell.
 35330 | Depths:1 | Identified the +7 long sword of the Solstice {flame, ^Drain
                  | rPois MP+9}
 35729 | Depths:1 | Received a gift from Okawaru
 35807 | Depths:1 | Slain by a spriggan berserker

Illustrated notes

Levels and vault maps discovered:
D:1:      eino_arrival_tree_alley, layout_basic
D:2:      layout_basic, serial_bayou, serial_bayou_pond_d, serial_bayou_shore_b,
          serial_bayou_shore_b, serial_bayou_pond_d, uniq_sigmund, uniq_robin
D:3:      wad_pebble_path, layout_basic, mainiacjoe_overflow_alcove_2,
          ebering_ecumenical_altar_mist, uniq_grinder, uniq_crazy_yiuf_cottage
D:4:      layout_basic, minmay_temple_entry_statues_fountains,
          cheibrodos_sewer_entry_sluice
D:5:      layout_gridville, serial_shops, nicolae_shop_tiny_real_fake_doors,
          minmay_misc_feat_five
D:6:      layout_basic, jmf_multi_god_temple
D:7:      layout_gridville, grunt_ministairs_3
D:8:      layout_rooms, mainiacjoe_overflow_tiny_flanked, uniq_prince_ribbit1
D:9:      layout_small_grid, serial_shops, shop
D:10:     layout_gridville, serial_rivers, chequers_serial_rivers_small_3,
          chequers_serial_rivers_small_a, chequers_serial_rivers_room_b,
          chequers_serial_rivers_micro_d, chequers_serial_rivers_large_a
D:11:     layout_stronghold, grunt_lair_entry_orc_guard_hut, david_orc_3
D:12:     layout_cave_pools, portal_ice_cave_entry_imps, uniq_urug
D:13:     nicolae_cairo_tiling_large_dashed, layout_gridville,
          grunt_vaults_entry_fortified, serial_shops, shop,
          nicolae_shop_peninsula, kennysheep_mini_moat, kb_tengu_band
D:14:     layout_grid_maze, serial_bayou_shore_a, uniq_nessos
D:15:     gammafunk_depths_entry_grave, layout_irregular_city, serial_shops,
          shop, minmay_hedge_maze
Temple:   compressed_dpeg_circular_temple
Lair:1:   layout_cave_pods, gauntlet_entry_generic
Lair:2:   layout_cave_shapes, forest_entry_grove, uniq_harold
Lair:3:   layout_regular_city, mainiacjoe_shoals_entry_four_pools,
          dummy_spider_entry, hangedman_lair_generics_rect, uniq_sonja,
          uniq_fannar
Lair:4:   layout_regular_city, slime_entry_1, ebering_ghost_xom,
          beast_lair_carwin_2
Lair:5:   evilmike_catoblepas_cave, layout_regular_city, uniq_kirke, uniq_snorg
Shoals:1: layout_shoals, gammafunk_ghost_cemetery
Shoals:2: nicolae_shoals_aurelia_aurita, layout_shoals,
          ebering_ghost_reflecting_pool, nicolae_shoals_undead_eyrie
Shoals:3: layout_shoals, lemuel_oklob_altar
Shoals:4: shoals_end_grunt_garden, layout_shoals, uniq_nikola, uniq_donald,
          uniq_louise, uniq_polyphemus
Spider:1: layout_spider_delve, drop_trap
Spider:2: layout_spider_delve, nicolae_spider_some_kinda_spiderbox
Spider:3: layout_chambers, hellmonk_motheaten_closet
Spider:4: floodkiller_spider_rune_tomb, uniq_roxanne
Orc:1:    layout_caves, nicolae_volcano_entry_s_turn, hangedman_minor_magic
Orc:2:    st_orc_ogre_mass, layout_caves
Elf:1:    nicolae_elf_arrival_dilemma, layout_geoelf_octagon, serial_shops,
          shop, hangedman_elf_disciples
Depths:1: kennysheep_treasure_stockpile, layout_cave_shapes, abyss_entry,
          serial_shops, shop_statue, lightli_too_deep,
          chequers_serial_rivers_micro_a, lemuel_flamethrower_3

Skill      XL: |  1  2  3  4  5  6  7  8  9 10 11 12 13 14 15 16 17 18 19 |
---------------+----------------------------------------------------------+-----
Polearms       | 4 5 6 7 8 9 10 11 12 14 15 16 17 | 17.0
Fighting       | 3 4 5 6 7 8 9 10 11 12 13 14 15 | 15.1
Throwing       | 3 4 5 6 7 8 9 10 11 12 13 | 13.4
Dodging        | 4 5 6 7 8 9 10 11 12 13 | 13.8
Armour         | 4 6 8 10 11 12 13 14 15 16 | 16.3
Invocations    | 3 5 7 8 9 10 11 12 13 14 | 14.1
Evocations     | 2 3 4 5 6 7 8 9 10 | 10.4
Shields        | 4 7 9 10 12 13 | 13.9
Shapeshifting  | 1 3 5 7 |  7.2

Action                     |  1- 3 |  4- 6 |  7- 9 | 10-12 | 13-15 | 16-18 | 19-21 || total
---------------------------+-------+-------+-------+-------+-------+-------+-------++-------
  Melee: Trident           |    68 |     8 |       |       |       |       |       ||    76
         Headbutt          |     7 |    12 |    22 |    93 |   276 |   648 |   208 ||  1266
         Halberd           |       |    39 |       |       |       |       |       ||    39
         Glaive            |       |    24 |   235 |   147 |       |       |       ||   406
         Demon trident     |       |       |       |   289 |  1059 |    41 |       ||  1389
         Lance             |       |       |       |       |       |  2593 |   642 ||  3235
  Throw: Throwing net      |     1 |       |       |     1 |       |       |       ||     2
         Boomerang         |       |       |       |     3 |   138 |   106 |     2 ||   249
         Javelin           |       |       |       |       |     2 |       |     3 ||     5
 Invoke: Heroism           |       |       |       |     2 |     2 |     7 |     2 ||    13
         Finesse           |       |       |       |       |       |     3 |     1 ||     4
         Duel              |       |       |       |       |       |     1 |       ||     1
  Evoke: Gell's gravitambo |       |       |       |       |       |     2 |       ||     2
         Tin of tremorston |       |       |       |       |       |     1 |       ||     1
    Use: Scroll            |       |       |       |    14 |     7 |    17 |     1 ||    39
         Potion            |       |       |       |       |     1 |     5 |       ||     6
   Stab: Held in net/web   |     1 |       |       |       |       |       |       ||     1
         Petrified         |       |       |       |       |     3 |       |       ||     3
 Armour: Leather armour    |    16 |       |       |       |       |       |       ||    16
         Plate armour      |    21 |    49 |   185 |   277 |   693 |   993 |   331 ||  2549
  Dodge: Dodged            |    20 |    20 |   130 |   259 |   483 |   739 |   274 ||  1925
  Block: Tower shield      |       |       |       |   251 |  1161 |  2022 |   687 ||  4121

Table legend: (Time is in decaauts)
 A = Elapsed time spent in this place.
 B = Non-inter-level travel time spent in this place.
 C = Inter-level travel time spent in this place.
 D = Time resting spent in this place.
 E = Time spent auto-exploring this place.
 F = Levels seen in this place.
 G = Mean time per level.
                   A        B        C        D        E       F      G
               +--------+--------+--------+--------+--------+-----+--------+
         Total |  35145 |  30156 |   4989 |   3772 |  17747 |  38 |  924.9 |
       Dungeon |  11819 |  10023 |   1796 |     59 |   8195 |  15 |  787.9 |
        Temple |     40 |      2 |     38 |      0 |      0 |   1 |   40.0 |
          Lair |   6204 |   5012 |   1192 |    471 |   3153 |   5 | 1240.8 |
        Shoals |   5452 |   4874 |    578 |   1543 |   1428 |   4 | 1363.0 |
   Spider Nest |   5983 |   5045 |    938 |   1609 |   2052 |   4 | 1495.8 |
  Orcish Mines |   1689 |   1395 |    294 |      0 |    959 |   2 |  844.5 |
   Elven Halls |   1037 |    920 |    117 |      7 |    576 |   1 | 1037.0 |
        Depths |   1141 |   1108 |     33 |     63 |    717 |   1 | 1141.0 |
         Sewer |    761 |    761 |      0 |      0 |    438 |   1 |  761.0 |
      Ice Cave |    499 |    499 |      0 |      0 |    207 |   1 |  499.0 |
       Volcano |    266 |    266 |      0 |     10 |     12 |   1 |  266.0 |
      Gauntlet |    225 |    225 |      0 |      0 |      8 |   1 |  225.0 |
         Arena |     21 |     21 |      0 |      9 |      0 |   1 |   21.0 |
               +--------+--------+--------+--------+--------+-----+--------+

Top non-repeatable levels by time:
Spider:3: 2284 daAuts
Shoals:3: 1713 daAuts
Spider:4: 1612 daAuts
Shoals:1: 1486 daAuts
  Lair:3: 1343 daAuts
Spider:1: 1338 daAuts
  Lair:1: 1292 daAuts
  Lair:2: 1226 daAuts
  Lair:5: 1203 daAuts
Shoals:2: 1183 daAuts
Depths:1: 1141 daAuts
  Lair:4: 1139 daAuts
     D:2: 1135 daAuts
    D:14: 1115 daAuts
Shoals:4: 1068 daAuts
